 Dungeon Crawl Stone Soup version 0.31-a0-1570-g93c622d222 (webtiles) character file.

Game seed: 4211964244252346966

258629 grandjackal the Sorcerer (level 19, -9/112 HPs)
             Began as a Deep Elf Conjurer on Jan 4, 2024.
             Was the Champion of Vehumet.
             Killed by divine providence
             ... invoked by a sphinx
              (16 damage)
             ... on level 4 of the Shoals.
             The game lasted 01:28:32 (47656 turns).

grandjackal the Sorcerer (Deep Elf Conjurer)       Turns: 47656, Time: 01:28:32

Health: -9/112     AC: 15    Str:  4    XL:     19   Next: 51%
Magic:  49/56      EV: 15    Int: 32    God:    Vehumet [******]
Gold:   2972       SH:  7    Dex: 13    Spells: 9/63 levels left

rFire   + . .        l - staff of cold
rCold   + + .        i - +2 buckler
rNeg    + + .        X - +2 robe {rC+ rF+}
rPois   +            d - +2 helmet
rElec   .            S - +1 cloak of Uliptor {rN+}
rCorr   +            T - +2 pair of gloves
SInv    +            F - +2 pair of boots
Will    +....        G - amulet of magic regeneration
Stlth   +            I - ring of the Omega Point {rPois rN+ rCorr SInv}
HPRegen 0.38/turn    V - ring of magical power
MPRegen 0.75/turn

%: no passive effects
@: marked, very slow
A: no striking features
}: 1/15 runes: serpentine
a: Renounce Religion


You were on level 4 of the Shoals.
You worshipped Vehumet.
Vehumet was exalted by your worship.
You visited 7 branches of the dungeon, and saw 34 of its levels.
You visited 1 bazaar.
You also visited: Sewer, Ossuary and Ice Cave.

You collected 3718 gold pieces.
You spent 746 gold pieces at shops.

Inventory:

Missiles
 y - 6 throwing nets (quivered)
Armour
 d - a +2 helmet (worn)
 i - a +2 buckler (worn)
 F - a +2 pair of boots (worn)
 S - the +1 cloak of Uliptor (worn) {rN+}
   (You bought it in a shop in a bazaar)

   rN+:       It protects you from negative energy.
 T - a +2 pair of gloves (worn)
 X - a +2 robe of resistance (worn)
Magical Staves
 l - a staff of cold (weapon)
 Q - a staff of conjuration
Jewellery
 C - a ring of flight
 G - an amulet of magic regeneration (around neck)
 I - the ring of the Omega Point (left hand) {rPois rN+ rCorr SInv}
   (You found it on level 5 of the Lair of Beasts)

   [ring of see invisible]

   rPois:     It protects you from poison rN+: It protects you from negative
   energy.
   SInv:      It lets you see invisible.
   rCorr:     It protects you from acid and corrosion.
 M - an amulet of faith
 O - a ring of protection from cold
 R - the ring "Misan" {Will+ Int+3 Stlth+}
   (You took it off a deep elf master archer on level 3 of the Elven Halls)

   [ring of willpower]

   Int+3:     It affects your intelligence (+3).
   Will+:     It increases your willpower.
   Stlth+:    It makes you more stealthy.
 V - a ring of magical power (right hand)
 W - the ring "Jauce" {Will+ Str+3}
   (You took it off a deep elf high priest on level 3 of the Elven Halls)

   [ring of willpower]

   Str+3:     It affects your strength (+3).
   Will+:     It increases your willpower.
Wands
 a - a wand of flame (58)
 h - a wand of paralysis (27)
 q - a wand of light (10)
 D - a wand of roots (37)
 H - a wand of polymorph (5)
 L - a wand of mindburst (19)
 U - a wand of digging (5)
Scrolls
 b - 9 scrolls of immolation
 k - 7 scrolls of fear
 m - a scroll of blinking
 r - 3 scrolls of torment
 s - 2 scrolls of enchant armour
 t - 4 scrolls of revelation
 z - 16 scrolls of identify
 A - 4 scrolls of fog
 B - 3 scrolls of vulnerability
 J - 14 scrolls of teleportation
 K - 3 scrolls of poison
 P - 2 scrolls of summoning
 Z - a scroll of amnesia
Potions
 c - 9 potions of haste
 e - 6 potions of brilliance
 f - 13 potions of curing
 g - 2 potions of invisibility
 j - 6 potions of lignification
 n - 5 potions of magic
 o - 10 potions of mutation
 u - 7 potions of heal wounds
 v - 4 potions of cancellation
 w - 4 potions of enlightenment
 x - a potion of berserk rage
 E - a potion of resistance
 N - 2 potions of ambrosia
Miscellaneous
 p - a lightning rod (4/4)
 Y - a phial of floods


   Skills:
 - Level 10.0 Fighting
 - Level 10.0 Dodging
 - Level 2.4 Stealth
 - Level 4.2 Shields
 + Level 22.9 Spellcasting
 + Level 13.1 Conjurations
 - Level 11.0 Necromancy
 - Level 12.1 Translocations
 + Level 16.4 Ice Magic
 + Level 12.7 Air Magic
 - Level 5.0 Alchemy
 - Level 10.1 Evocations


You had 9 spell levels left.
You knew the following spells:

 Your Spells              Type           Power      Damage    Failure   Level
a - Irradiate             Conj/Alch      38%        3d24      1%          5
b - Orb of Destruction    Conj           44%        9d12      1%          7
c - Fulminant Prism       Conj/Alch      38%        3d17      1%          4
d - Iskenderun's Mystic   Conj/Tloc      87%        2d17      1%          4
e - Hailstorm             Conj/Ice       100%       3d16      0%          3
f - Airstrike             Air            43%        2d(7-23)  1%          4
g - Olgreb's Toxic Radia  Alch           62%        N/A       1%          4
h - Mephitic Cloud        Conj/Alch/Air  80%        N/A       1%          3
i - Freezing Cloud        Conj/Ice/Air   56%        6-21      1%          5
j - Ozocubu's Refrigerat  Ice            59%        4d20      1%          7
k - Sublimation of Blood  Necr           82%        N/A       1%          2
l - Dispersal             Tloc           42%        N/A       1%          6

Your spell library contained the following spells:

 Spells                   Type           Power      Damage    Failure   Level
 Maxwell's Capacitive Co  Air            43%        ∞         13%         8
 Chain Lightning          Conj/Air       44%        3d58      83%         9
 Shatter                  Erth           18%        3d17*     100%        9
 Apportation              Tloc           100%       N/A       0%          1
 Freeze                   Ice            100%       1d10      0%          1
 Kiss of Death            Conj/Necr      100%       2d13      0%          1
 Magic Dart               Conj           100%       1d8       0%          1
 Necrotise                Necr           100%       1d9       0%          1
 Shock                    Conj/Air       100%       1d9       0%          1
 Searing Ray              Conj           100%       2d8       0%          2
 Static Discharge         Conj/Air       100%       3-8/arc   0%          2
 Frozen Ramparts          Ice            100%       1d16      0%          3
 Foxfire                  Conj/Fire      100%       2x1d9     1%          1
 Sting                    Conj/Alch      100%       1d9       1%          1
 Summon Small Mammal      Summ           100%       N/A       1%          1
 Cigotuvi's Dreadful Rot  Necr/Alch/Air  100%       N/A       1%          2
 Ensorcelled Hibernation  Hex/Ice        100%       N/A       1%          2
 Mercury Vapours          Alch/Air       100%       N/A       1%          2
 Dazzling Flash           Conj/Hex       100%       N/A       1%          3
 Gell's Gravitas          Tloc           85%        N/A       1%          3
 Stone Arrow              Conj/Erth      100%       3d13      1%          3
 Summon Ice Beast         Ice/Summ       93%        N/A       1%          3
 Swiftness                Air            87%        N/A       1%          3
 Teleport Other           Tloc           85%        N/A       1%          3
 Vampiric Draining        Necr           82%        2d11      1%          3
 Volatile Blastmotes      Fire/Tloc      100%       2d18      1%          3
 Dimensional Bullseye     Hex/Tloc       33%        N/A       1%          4
 Flame Wave               Conj/Fire      68%        2d15      1%          4
 Ignite Poison            Fire/Alch      52%        N/A       1%          4
 Martyr's Knell           Necr/Summ      64%        N/A       1%          4
 Sticky Flame             Fire/Alch      52%        2d9       1%          4
 Vhi's Electric Charge    Tloc/Air       100%       N/A       1%          4
 Arcjolt                  Conj/Air       44%        1d54      1%          5
 Curse of Agony           Necr           82%        N/A       1%          5
 Jinxbite                 Hex            72%        N/A       2%          2
 Sculpt Simulacrum        Ice/Alch       51%        N/A       2%          6
 Silence                  Hex/Air        33%        N/A       3%          5
 Summon Forest            Summ/Tloc      33%        N/A       3%          5
 Call Canine Familiar     Summ           36%        N/A       4%          3
 Passwall                 Erth           36%        N/A       4%          3
 Sigil of Binding         Hex            36%        N/A       4%          3
 Tukima's Dance           Hex            36%        N/A       4%          3
 Petrify                  Alch/Erth      52%        N/A       4%          4
 Alistair's Intoxication  Alch           41%        N/A       4%          5
 Yara's Violent Unravell  Hex/Alch       26%        3d11      4%          5
 Plasma Beam              Fire/Air       33%        2x1d46    4%          6
 Starburst                Conj/Fire      34%        6d10      4%          6
 Animate Armour           Summ/Erth      72%        N/A       14%         4
 Summon Blazeheart Golem  Fire/Summ      36%        N/A       14%         4
 Summon Mana Viper        Hex/Summ       36%        N/A       38%         5
 Polar Vortex             Ice            59%        12d7*     41%         9
 Lehudib's Crystal Spear  Conj/Erth      34%        10d9      80%         8
 Summon Cactus Giant      Summ           18%        N/A       92%         6
 Discord                  Hex            18%        N/A       100%        8
 Death's Door             Necr           41%        N/A       100%        9


Dungeon Overview and Level Annotations

Branches:
Dungeon (15/15)            Temple (1/1) D:4            Lair (5/5) D:10
 Shoals (4/4) Lair:2        Snake (4/4) Lair:3        Slime (0/5) Lair:5
    Orc (2/2) D:12            Elf (3/3) Orc:2        Vaults (0/5) D:14
 Depths (0/4) D:15          Sewer (visited)         Ossuary (visited)
  IceCv (visited)

Altars:
Ashenzari
Cheibriados
Dithmenos
Elyvilon
Fedhas
Gozag
Hepliaklqana
Kikubaaqudgha
Makhleb
Nemelex Xobeh
Okawaru
Qazlal
Ru
Sif Muna
Trog
Uskayaw
Vehumet
Wu Jian
Xom
Yredelemnul
Zin
The Shining One
Jiyva

Shops:
Orc:2 [=*(   Snake:4 *:

Annotations:
D:13 2 transporters, bjtr's ghost, journeyman OpSh
Shoals:3 6 transporters, Roxanne
Snake:2 1 runed translucent door, Ewuvia's ghost, adept FeSh
Snake:3 3 runed translucent doors, innerfire43's ghost, journeyman DsWn
Elf:2 3 runed translucent doors


Message History

Unknown command.
Casting: Ozocubu's Refrigeration (dangerous; 1% risk of failure)
Confirm with . or Enter, or press ? or * to list all spells.
You feel a surge of power!
The heat is drained from your surroundings.
The sphinx is heavily wounded.
The minotaur is almost dead.
The satyr is almost dead.
The minotaur is severely wounded.
The merfolk aquamancer is heavily wounded.
You destroy the water elemental!
Vehumet accepts your kill.
A minotaur comes into view.
A satyr comes into view. It is wielding a +0 spear.
Unknown command.
Unknown command.
Unknown command.
Unknown command.
Casting: Ozocubu's Refrigeration (dangerous; 1% risk of failure)
Confirm with . or Enter, or press ? or * to list all spells.
You feel a surge of power!
The heat is drained from your surroundings.
The sphinx is almost dead.
You kill the minotaur!
Vehumet accepts your kill.
You feel your power returning.
You kill the satyr!
Vehumet accepts your kill.
You feel your power returning.
The minotaur is lightly wounded.
The minotaur is almost dead.
The satyr is lightly wounded.
The merfolk aquamancer is severely wounded.
The merfolk aquamancer gestures at you while chanting.
The torrent of water hits you!!
* * * LOW HITPOINT WARNING * * *
The wave splashes down.
A manticore comes into view.
The sphinx casts a spell.
Something smites you!
You die...

.)) )(. ,.. ##)##
,Hm. #8H8#
~##E###.).######
#..).........~#S
#.....~~~....c..
#.....~@~..)†H#
#~....~~~..~~.#
##..##...##..##
##....~...~##
#.~.......~.#
####~..^.).~...###
##..#..##.......#~###
#.....).....#†.~~~~.#
#.~.....#...#~~~~~~~#


You could see a sphinx, a minotaur, a satyr, a merfolk aquamancer, a manticore
and a water elemental.

Vanquished Creatures
  Vashnia (Snake:2)
  Nikola (Shoals:4)
  Jorgrun (Shoals:2)
  4 deep elf blademasters (Elf:3)
  2 deep elf master archers (Elf:3)
  A quicksilver dragon (Snake:4)
  Frances (D:12)
  Polyphemus (Shoals:2)
  Aizul (Shoals:2)
  5 nagarajas
  Ilsuiw (Shoals:2)
  Louise (D:15)
  A frost giant (D:15)
  4 deep elf sorcerers (Elf:3)
  8 deep elf elementalists
  An orc warlord (Orc:2)
  4 deep elf demonologists
  A deep elf death mage (Elf:3)
  6 deep elf annihilators (Elf:3)
  A minotaur (Shoals:4)
  A crystal guardian (D:15)
  4 merfolk impalers
  2 fire dragons
  2 merfolk javelineers
  Fannar (D:12)
  4 deep elf high priests (Elf:3)
  A rakshasa (D:15)
  3 salamander tyrants
  8 hydras
  A vault guard (D:14)
  2 catoblepae
  2 alligator snapping turtles
  An ironbound frostheart (D:14)
  9 anacondas
  2 centaur warriors
  2 merfolk aquamancers
  3 boulder beetles
  3 two-headed ogres
  A merfolk avatar (Shoals:4)
  11 naga warriors
  A death knight (D:14)
  11 dancing weapons
  8 death yaks
  6 satyrs (Shoals:4)
  3 orc high priests
  2 occultists (D:15)
  12 naga sharpshooters
  10 deep elf knights
  8 shock serpents
  Urug (Orc:1)
  A hell knight (D:15)
  Nergalle (D:10)
  3 skysharks
  A skeletal warrior (D:14)
  2 salamander mystics
  12 sea snakes
  6 mana vipers
  10 deep elf archers
  Lodul (D:12)
  A sun moth (shapeshifter) (D:15)
  4 naga ritualists
  A lindwurm (Lair:5)
  5 orc knights
  A phantasmal warrior (D:14)
  A necromancer (IceCv)
  27 deep elf pyromancers
  4 ugly things
  15 fauns
  18 harpies
  25 deep elf zephyrmancers
  22 salamanders
  6 cyclopes
  2 orc sorcerers (Orc:2)
  17 manticores
  9 guardian serpents
  4 rust devils (D:15)
  3 molten gargoyles
  An ice statue (IceCv)
  9 water nymphs
  44 black mambas
  11 merfolk sirens
  19 elephants
  Joseph (D:7)
  7 gargoyles
  14 naga magi
  9 cane toads
  16 komodo dragons
  4 kobold demonologists
  7 rime drakes
  4 freezing wraiths
  A yaktaur (D:15)
  An anaconda simulacrum (IceCv)
  13 ice devils (IceCv)
  An efreet (D:15)
  4 harpy zombies (Shoals:1)
  5 trolls
  2 polar bears
  4 wind drakes
  31 merfolk
  A wolf spider simulacrum (D:15)
  6 snapping turtles
  A hornet (D:9)
  19 blink frogs
  7 dream sheep
  2 raiju (D:15)
  4 shadows
  8 air elementals
  5 wraiths
  5 wyverns
  A vampire (D:9)
  12 water elementals
  3 fire elementals
  A basilisk (shapeshifter) (D:15)
  50 yaks
  6 basilisks
  2 dire elephant simulacra (IceCv)
  2 wargs
  3 steam dragons
  11 vampire mosquitoes
  Menkaure (D:4)
  4 death yak simulacra (IceCv)
  2 harpy simulacra (IceCv)
  2 hydra simulacra (IceCv)
  39 nagas
  14 water moccasins
  4 hell hounds (Lair:5)
  3 meliai simulacra (D:15)
  Duvessa (D:5)
  27 orc warriors
  2 ice beasts
  4 black bears
  2 manticore zombies (Shoals:1)
  A crocodile (shapeshifter) (D:14)
  12 ogres
  2 sky beasts
  A tengu (shapeshifter) (Elf:3)
  2 boggarts (D:15)
  14 wolves
  5 centaurs
  A phantom (D:5)
  5 kobold brigands
  Blork the orc (D:4)
  16 bullfrogs
  6 scorpions
  2 gnoll sergeants
  2 earth elementals (Elf:2)
  A two-headed ogre simulacrum (IceCv)
  4 cane toad simulacra (IceCv)
  4 wights (D:7)
  Dowan (D:5)
  2 elephant simulacra (IceCv)
  24 killer bees
  6 howler monkeys
  An electric eel (Lair:2)
  A bombardier beetle (D:5)
  4 lava snakes (Lair:5)
  Crazy Yiuf (D:4)
  5 hounds
  2 gnoll boudas (D:8)
  17 orc priests
  2 jellies
  A sleepcap (D:6)
  2 iguanas
  Natasha (twice) (D:4)
  20 orc wizards
  A spriggan simulacrum (IceCv)
  A troll simulacrum (IceCv)
  4 scorpion zombies (Ossuary)
  6 wolf simulacra (IceCv)
  4 polar bear simulacra (IceCv)
  3 mummies (Ossuary)
  9 adders
  35 gnolls
  2 naga simulacra (IceCv)
  8 river rats (Sewer)
  3 ufetubi
  2 adder zombies (Ossuary)
  4 dart slugs
  3 ribbon worms
  73 orcs
  2 bat zombies (Shoals:1)
  6 endoplasms
  10 giant cockroaches
  4 gnoll zombies (Ossuary)
  8 hobgoblins
  11 jackals
  41 kobolds
  4 quokkas
  13 ball pythons
  6 bats
  5 frilled lizards
  8 goblins
  4 jackal zombies (Ossuary)
  3 kobold zombies (Ossuary)
  32 rats
1320 creatures vanquished.

Vanquished Creatures (others)
  A sky beast (D:7)
  9 fulminant prisms
10 creatures vanquished.

Grand Total: 1330 creatures vanquished

Notes
Turn   | Place    | Note
-------+----------+-------------------------------------------
     0 | D:1      | grandjackal the Deep Elf Conjurer began the quest for the
                  | Orb.
     0 | D:1      | Reached XP level 1. HP: 10/10 MP: 6/6
   189 | D:1      | Reached XP level 2. HP: 15/15 MP: 4/8
   533 | D:1      | Reached skill level 4 in Spellcasting
   676 | D:1      | Reached XP level 3. HP: 17/19 MP: 6/10
   789 | D:1      | Reached skill level 5 in Conjurations
  1065 | D:1      | Learned a level 2 spell: Searing Ray
  1379 | D:2      | Reached XP level 4. HP: 24/24 MP: 7/12
  1915 | D:2      | Reached skill level 5 in Spellcasting
  2582 | D:2      | Learned a level 4 spell: Fulminant Prism
  2587 | D:2      | Learned a level 4 spell: Iskenderun's Mystic Blast
  2718 | D:3      | Found a glowing drain.
  2766 | Sewer    | Entered a sewer
  3061 | Sewer    | Reached XP level 5. HP: 28/28 MP: 8/14
  3094 | Sewer    | Reached skill level 1 in Translocations
  3094 | Sewer    | Reached skill level 1 in Alchemy
  4084 | D:3      | Reached XP level 6. HP: 32/32 MP: 6/16
  4511 | D:3      | Reached skill level 6 in Spellcasting
  5203 | D:3      | Learned a level 3 spell: Hailstorm
  5369 | D:4      | Found a staircase to the Ecumenical Temple.
  5388 | Temple   | Entered the Ecumenical Temple
  5435 | Temple   | Became a worshipper of Vehumet
  5484 | D:4      | Found a sand-covered staircase.
  5489 | D:4      | Noticed Blork the orc
  5490 | D:4      | Found a burning altar of Makhleb.
  5494 | Ossuary  | Entered an ossuary
  5507 | Ossuary  | Reached skill level 1 in Ice Magic
  5527 | Ossuary  | Reached XP level 7. HP: 8/36 MP: 0/18
  6016 | Ossuary  | Reached * piety under Vehumet
  6016 | Ossuary  | Offered knowledge of Sandblast by Vehumet.
  6180 | D:4      | Noticed Menkaure
  6185 | D:4      | Killed Menkaure
  6258 | D:4      | Learned a level 4 spell: Airstrike
  6264 | D:4      | Noticed Natasha
  6267 | D:4      | Reached skill level 7 in Spellcasting
  6271 | D:4      | Killed Natasha
  6272 | D:4      | Reached XP level 8. HP: 34/41 MP: 11/20
  6415 | D:4      | Killed Blork the orc
  6517 | D:4      | Noticed Natasha
  6521 | D:4      | Killed Natasha
  6845 | D:4      | Found a runed translucent door.
  6846 | D:4      | Noticed Crazy Yiuf
  6853 | D:4      | Killed Crazy Yiuf
  7297 | D:5      | Entered Level 5 of the Dungeon
  7429 | D:5      | Found a shimmering altar of Xom.
  7430 | D:5      | Found a shadowy altar of Dithmenos.
  7457 | D:5      | Noticed Duvessa
  7459 | D:5      | Noticed Dowan
  7465 | D:5      | Killed Dowan
  7465 | D:5      | Reached ** piety under Vehumet
  7473 | D:5      | Killed Duvessa
  7646 | D:5      | Offered knowledge of Static Discharge by Vehumet.
  7696 | D:5      | Learned a level 2 spell: Static Discharge
  7719 | D:5      | Reached skill level 8 in Spellcasting
  7719 | D:5      | Reached skill level 5 in Alchemy
  7770 | D:5      | Reached skill level 5 in Translocations
  8042 | D:5      | Reached skill level 1 in Air Magic
  8042 | D:5      | Reached XP level 9. HP: 45/45 MP: 18/23
  8591 | D:5      | Found a hide-covered altar of Uskayaw.
  8594 | D:5      | Found a glowing silver altar of Zin.
  8597 | D:5      | Found a shimmering blue altar of Sif Muna.
  8862 | D:6      | Reached skill level 5 in Ice Magic
  8985 | D:6      | Reached skill level 9 in Spellcasting
  9039 | D:6      | Offered knowledge of Mephitic Cloud by Vehumet.
  9044 | D:6      | Learned a level 3 spell: Mephitic Cloud
  9492 | D:6      | Reached *** piety under Vehumet
  9613 | D:7      | Found a stormy altar of Qazlal.
  9622 | D:7      | Noticed Joseph
 10100 | D:7      | Reached XP level 10. HP: 48/50 MP: 18/25
 10213 | D:7      | Killed Joseph
 10214 | D:7      | Reached skill level 10 in Spellcasting
 10752 | D:8      | Learned a level 5 spell: Freezing Cloud
 11209 | D:8      | Offered knowledge of Olgreb's Toxic Radiance by Vehumet.
 11988 | D:9      | Reached skill level 5 in Air Magic
 12179 | D:9      | Reached **** piety under Vehumet
 12241 | D:9      | Reached skill level 11 in Spellcasting
 12241 | D:9      | Reached skill level 10 in Conjurations
 12398 | D:9      | Identified the +3 sling "Onoresec" {heavy, ^Fragile Str+4
                  | Int+4 SInv}
 12481 | D:9      | Noticed a two-headed ogre
 12486 | D:9      | Killed a two-headed ogre
 12960 | D:9      | Learned a level 4 spell: Olgreb's Toxic Radiance
 12985 | D:10     | Entered Level 10 of the Dungeon
 13260 | D:10     | Reached skill level 1 in Fighting
 13260 | D:10     | Reached XP level 11. HP: 56/56 MP: 19/28
 13315 | D:10     | Noticed a death yak
 13316 | D:10     | Noticed a death yak
 13317 | D:10     | Noticed a death yak
 13317 | D:10     | Noticed a death yak
 13319 | D:10     | Noticed a death yak
 13323 | D:10     | Killed a death yak
 13323 | D:10     | Killed a death yak
 13324 | D:10     | Killed a death yak
 13324 | D:10     | Offered knowledge of Yara's Violent Unravelling by Vehumet.
 13325 | D:10     | Reached skill level 12 in Spellcasting
 13325 | D:10     | Killed a death yak
 13326 | D:10     | Killed a death yak
 13450 | D:10     | Found a staircase to the Lair.
 13490 | D:10     | Found a snail-covered altar of Cheibriados.
 13756 | D:10     | Noticed Nergalle
 13762 | D:10     | Killed Nergalle
 14130 | D:10     | Found a blossoming altar of Fedhas.
 14911 | D:11     | Reached skill level 13 in Spellcasting
 15132 | D:11     | Noticed a centaur warrior
 15144 | D:11     | Killed a centaur warrior
 15144 | D:11     | Reached ***** piety under Vehumet
 15152 | D:11     | Reached XP level 12. HP: 58/66 MP: 7/31
 15576 | D:11     | Offered knowledge of Ozocubu's Refrigeration by Vehumet.
 15577 | D:11     | Reached skill level 10 in Ice Magic
 15637 | D:11     | Learned a level 7 spell: Ozocubu's Refrigeration
 15843 | D:11     | Noticed a two-headed ogre
 15850 | D:11     | Killed a two-headed ogre
 16011 | D:12     | Noticed an eight-headed hydra
 16017 | D:12     | Killed an eight-headed hydra
 16070 | D:12     | Identified the +11 dagger of Biesm {freeze, rC- rN+ Int+3
                  | Stlth+}
 16183 | D:12     | Noticed Fannar
 16264 | D:12     | Killed Fannar
 16411 | D:12     | Noticed Frances
 16416 | D:12     | Reached skill level 5 in Fighting
 16417 | D:12     | Killed Frances
 16469 | D:12     | Reached skill level 14 in Spellcasting
 16727 | D:12     | Found a staircase to the Orcish Mines.
 16888 | D:12     | Noticed Lodul
 16905 | D:12     | Killed Lodul
 17288 | Orc:1    | Entered Level 1 of the Orcish Mines
 17468 | Orc:1    | Noticed Urug
 17483 | Orc:1    | Killed Urug
 17690 | Orc:1    | Reached XP level 13. HP: 72/74 MP: 23/33
 17972 | Orc:2    | Entered Level 2 of the Orcish Mines
 18013 | Orc:2    | Noticed an orc warlord
 18329 | Orc:2    | Found a burning altar of Makhleb.
 18337 | Orc:2    | Reached skill level 15 in Spellcasting
 18337 | Orc:2    | Reached skill level 10 in Air Magic
 18366 | Orc:2    | Killed an orc warlord
 18412 | Orc:2    | Found a staircase to the Elven Halls.
 18441 | Orc:2    | Found a flickering gateway to a bazaar.
 18479 | Bazaar   | Entered a bazaar
 18497 | Bazaar   | Found Maontejisash's Antique Weapon Emporium.
 18512 | Bazaar   | Found Anus's Weapon Shoppe.
 18512 | Bazaar   | Found Zaoqolaz's Antique Armour Emporium.
 18516 | Bazaar   | Bought a glowing robe for 62 gold pieces
 18516 | Bazaar   | Bought an embroidered robe for 62 gold pieces
 18516 | Bazaar   | Bought an embroidered robe for 62 gold pieces
 18534 | Bazaar   | Found Noapt's Assorted Antiques.
 18544 | Bazaar   | Bought a distressingly furry cloak for 266 gold pieces
 18544 | Bazaar   | Identified the +1 cloak of Uliptor {rN+} (You bought it in
                  | a shop in a bazaar)
 18808 | Orc:2    | Found Fibiklo's General Store.
 18816 | Orc:2    | Bought a scroll of teleportation for 42 gold pieces
 18816 | Orc:2    | Bought a potion of attraction for 42 gold pieces
 18826 | Orc:2    | Found Gumeume's Antique Armour Shoppe.
 18833 | Orc:2    | Bought a pair of embroidered boots for 210 gold pieces
 18847 | Orc:2    | Found Ymen's Jewellery Shoppe.
 19172 | Orc:2    | Found Zaepre's Antique Weapon Shoppe.
 19345 | Lair:1   | Entered Level 1 of the Lair of Beasts
 20899 | Lair:2   | Reached skill level 5 in Dodging
 20899 | Lair:2   | Reached skill level 16 in Spellcasting
 20983 | Lair:2   | Found a staircase to the Shoals.
 21309 | Lair:2   | Reached ****** piety under Vehumet
 21748 | Lair:3   | Reached XP level 14. HP: 83/83 MP: 36/36
 21854 | Lair:3   | Found a staircase to the Snake Pit.
 22006 | Lair:3   | Identified the +5 flail of the Fortifying Gods {elec,
                  | Will+}
 22286 | Lair:4   | Offered knowledge of Irradiate by Vehumet.
 22311 | Lair:4   | Found a frozen archway.
 22369 | Lair:4   | Learned a level 5 spell: Irradiate
 22376 | IceCv    | Entered an ice cave
 23023 | IceCv    | Found an ancient bone altar of Kikubaaqudgha.
 23305 | IceCv    | Offered knowledge of Lee's Rapid Deconstruction by Vehumet.
 23486 | IceCv    | Identified the ring of Miracles {rC+ rN+ Will- Str+4}
 24003 | Lair:4   | Reached skill level 17 in Spellcasting
 24276 | Lair:4   | Found a glowing silver altar of Zin.
 24335 | Lair:4   | You are sucked into a shaft and drop 1 floor!
 24335 | Lair:5   | Entered Level 5 of the Lair of Beasts
 24608 | Lair:5   | Found a large runed translucent door.
 24608 | Lair:5   | Found a large runed translucent door.
 25211 | Lair:5   | Found a staircase to the Slime Pits.
 25212 | Lair:5   | Found a viscous altar of Jiyva.
 25425 | Lair:5   | Offered knowledge of Fireball by Vehumet.
 25427 | Lair:5   | Reached XP level 15. HP: 82/90 MP: 38/38
 26108 | Lair:5   | Identified the ring of the Omega Point {rPois rN+ rCorr
                  | SInv}
 26920 | D:13     | Found a transporter.
 26934 | D:13     | Found a transporter.
 26938 | D:13     | Found a bloodstained altar of Trog.
 26938 | D:13     | Noticed bjtr's ghost (journeyman OpSh)
 26956 | D:13     | Reached skill level 18 in Spellcasting
 28401 | D:14     | Reached skill level 10 in Dodging
 28534 | D:14     | Learned a level 2 spell: Sublimation of Blood
 28541 | D:14     | Learned a level 6 spell: Dispersal
 28583 | D:14     | Found a gate to the Vaults.
 28667 | D:14     | Identified the +11 sling of Death's Door {heavy, rPois
                  | Str+4 Dex-3}
 28802 | D:14     | Reached skill level 1 in Necromancy
 29318 | D:15     | Entered Level 15 of the Dungeon
 29338 | D:15     | Paralysed by an air elemental for 1 turns
 29417 | D:15     | Found a staircase to the Depths.
 29417 | D:15     | Noticed a frost giant
 29427 | D:15     | Killed a frost giant
 29704 | D:15     | Reached skill level 10 in Fighting
 29770 | D:15     | Offered knowledge of Plasma Beam by Vehumet.
 29793 | D:15     | Noticed Louise
 29796 | D:15     | Killed Louise
 29797 | D:15     | Reached skill level 15 in Ice Magic
 30798 | D:15     | Reached skill level 1 in Evocations
 31277 | D:15     | Reached skill level 5 in Necromancy
 31432 | Elf:1    | Entered Level 1 of the Elven Halls
 31444 | Elf:1    | Reached skill level 19 in Spellcasting
 31553 | Elf:1    | Reached XP level 16. HP: 97/97 MP: 34/41
 32782 | Elf:2    | Reached skill level 1 in Shields
 32785 | Elf:2    | Offered knowledge of Eringya's Noxious Bog by Vehumet.
 33345 | Elf:2    | Reached skill level 5 in Evocations
 33397 | Elf:2    | Found a runed translucent gate.
 33397 | Elf:2    | Found a runed translucent gate.
 33399 | Elf:2    | Found a runed translucent gate.
 33434 | Elf:2    | Got Kuczar's Handbook of the Virous Grave
 33972 | Elf:3    | Entered Level 3 of the Elven Halls
 33976 | Elf:3    | Identified the +0 robe "Toizew" {rN+ Dex+3}
 34018 | Elf:3    | Found an ancient bone altar of Kikubaaqudgha.
 34791 | Elf:3    | Offered knowledge of Orb of Destruction by Vehumet.
 34792 | Elf:3    | Reached skill level 20 in Spellcasting
 35219 | Elf:3    | Identified the +9 dagger "Dooshextu" {spect, Str+4}
 35248 | Elf:3    | Identified the +6 glaive "Goblinbane" {speed, rC+ Will+
                  | Str+2 Dex+3}
 35334 | Elf:3    | Reached XP level 17. HP: 102/102 MP: 42/43
 35458 | Elf:3    | Identified the +8 morningstar of the Fulmar {freeze, rC++}
 35458 | Elf:3    | Identified the +5 scale mail of Edghyff {Rampage rF++ Str+3
                  | Int-3}
 35458 | Elf:3    | Identified the ring "Jauce" {Will+ Str+3}
 35464 | Elf:3    | Noticed a deep elf master archer
 35467 | Elf:3    | Killed a deep elf master archer
 35663 | Elf:3    | Noticed a deep elf blademaster
 35663 | Elf:3    | Noticed a deep elf blademaster
 35663 | Elf:3    | Identified the ring "Misan" {Will+ Int+3 Stlth+}
 35663 | Elf:3    | Noticed a deep elf master archer
 35668 | Elf:3    | Killed a deep elf master archer
 35828 | Elf:3    | Identified the +6 dagger of Vimesoka {freeze, rPois rF+ rN+
                  | Dex-5}
 35942 | Elf:3    | Killed a deep elf blademaster
 36012 | Elf:3    | Killed a deep elf blademaster
 36206 | Elf:3    | Identified the +3 rapier of Waaleufu {vamp, rPois rN++
                  | Int+4 Stlth+}
 36210 | Elf:3    | Noticed a deep elf blademaster
 36213 | Elf:3    | Identified the +1 scale mail of Seupne {rF+ Int-3 Dex+2}
 36213 | Elf:3    | Noticed a deep elf blademaster
 36214 | Elf:3    | Killed a deep elf blademaster
 36217 | Elf:3    | Killed a deep elf blademaster
 36397 | Elf:3    | Identified the +5 war axe "Owkunewn" {freeze, Str+3}
 36397 | Elf:3    | Identified the +2 robe of Iraraif {*Corrode Regen+ Stlth+}
 36548 | Elf:3    | Got the Volume of the Baneful Tropics
 36578 | Elf:3    | Identified the staff of the Forgotten Dreams {Conj Hexes}
 36587 | Elf:3    | Learned a level 7 spell: Orb of Destruction
 37162 | Snake:1  | Entered Level 1 of the Snake Pit
 37243 | Snake:1  | Reached skill level 10 in Translocations
 37246 | Snake:1  | Reached skill level 10 in Necromancy
 37659 | Snake:1  | Offered knowledge of Shatter by Vehumet.
 37659 | Snake:1  | Offered knowledge of Chain Lightning by Vehumet.
 37659 | Snake:1  | Offered knowledge of Maxwell's Capacitive Coupling by
                  | Vehumet.
 38275 | Snake:2  | Reached skill level 21 in Spellcasting
 38279 | Snake:2  | Found a runed translucent door.
 38279 | Snake:2  | Noticed Ewuvia's ghost (adept FeSh)
 38538 | Snake:2  | Noticed Vashnia
 38772 | Snake:2  | Killed Vashnia
 39370 | Snake:2  | Reached XP level 18. HP: 90/107 MP: 40/45
 40781 | Snake:3  | Found a runed translucent gate.
 40783 | Snake:3  | Found a runed translucent gate.
 40784 | Snake:3  | Noticed innerfire43's ghost (journeyman DsWn)
 40785 | Snake:3  | Found a runed translucent gate.
 41140 | Snake:4  | Entered Level 4 of the Snake Pit
 41143 | Snake:4  | Found Ytaxuq's General Store.
 41199 | Snake:4  | Found Qobbeimur's Book Boutique.
 41291 | Snake:4  | Reached skill level 10 in Evocations
 43035 | Snake:4  | Got a serpentine rune of Zot
 43310 | Shoals:1 | Entered Level 1 of the Shoals
 43877 | Shoals:1 | Reached skill level 22 in Spellcasting
 44322 | Shoals:2 | Identified the serpent talisman "Xyhyad" {rElec Str-4
                  | Stlth+}
 44322 | Shoals:2 | Noticed Aizul
 44326 | Shoals:2 | Killed Aizul
 44419 | Shoals:2 | Noticed Ilsuiw
 44420 | Shoals:2 | Noticed Jorgrun
 44425 | Shoals:2 | Killed Jorgrun
 44426 | Shoals:2 | Killed Ilsuiw
 44638 | Shoals:2 | Identified the +2 chain mail of Honashen {Str+3}
 45128 | Shoals:2 | Noticed Polyphemus
 45136 | Shoals:2 | Reached XP level 19. HP: 62/112 MP: 31/47
 45136 | Shoals:2 | Killed Polyphemus
 45529 | Shoals:3 | Found a transporter.
 45532 | Shoals:3 | Found a transporter.
 45541 | Shoals:3 | Noticed Roxanne
 46720 | Shoals:3 | Found a transporter.
 46726 | Shoals:3 | Found a transporter.
 46887 | Shoals:3 | Found a transporter.
 46890 | Shoals:3 | Found a transporter.
 46959 | Shoals:4 | Entered Level 4 of the Shoals
 47214 | Shoals:4 | Noticed Nikola
 47219 | Shoals:4 | Killed Nikola
 47656 | Shoals:4 | Killed from afar by a sphinx

Illustrated notes

Levels and vault maps discovered:
D:1:      dpeg_arrival_rooms_b, layout_basic
D:2:      layout_basic, minmay_misc_feat_room, fountainhead
D:3:      layout_basic, gup_sewer_entry_bubbles, hangedman_decor_diamond_cutter
D:4:      layout_rooms, makhleb_heckhound_becter,
          minmay_temple_entry_statues_fountains,
          lightli_ossuary_entry_decrepit_ruins, uniq_blork_the_orc,
          uniq_crazy_yiuf_cottage, uniq_natasha, uniq_menkaure
D:5:      layout_basic, chequers_temple_overflow_statue_of_worship,
          grunt_temple_overflow_diamond, minmay_tree_intersection, uniq_duvessa
D:6:      layout_loops_ring, minmay_unpleasant_kobolds
D:7:      layout_basic, grunt_qazlal_clouds, chequers_serial_rivers_room_a,
          uniq_joseph
D:8:      layout_cave_pods
D:9:      layout_gridville, minmay_starry_boxes
D:10:     layout_layer_cave, slow_altar_2, mainiacjoe_overflow_alcove_4,
          dpeg_lair_monsters, grunt_ministairs_14, uniq_nergalle
D:11:     layout_roguey, roderic_lattice_a
D:12:     layout_cave_pools, david_orc_5, uniq_fannar, uniq_lodul, uniq_frances
D:13:     layout_layer_cave, gammafunk_ghost_wrathful_warriors
D:14:     layout_big_octagon, hellmonk_vaults_keyhole
D:15:     hangedman_crystal_crosses_colossus [crystal_crosses_arms_four,
          crystal_crosses_arms_two, crystal_crosses_arms_one], uniq_louise
Temple:   nicolae_temple_figure_eight
Lair:1:   layout_cave_pods, st_stairs_11
Lair:2:   layout_roguey, nicolae_shoals_entry_roost, grunt_megastairs_5,
          serial_bayou_shore_b, infiniplex_staircase_pool
Lair:3:   layout_hall_layers, alex1729_snake_entry_snake, serial_bayou_shore_b,
          lemuel_fruit_fields
Lair:4:   layout_misc_corridors, portal_ice_cave_rime, basic_altar,
          cheibrodos_lair_caveside_slide, chequers_serial_rivers_micro_c,
          nicolae_quartered_pool_medium
Lair:5:   cheibrodos_lair_end_hotspot, layout_layer_cave, slime_entry_1,
          grunt_forest_large_clearings
Shoals:1: layout_shoals, nicolae_shoals_undead_eyrie
Shoals:2: layout_shoals, nicolae_shoals_former_cling_halls, uniq_ilsuiw,
          uniq_polyphemus, uniq_jorgrun, uniq_aizul
Shoals:3: layout_shoals, serial_nicolae_subway, nicolae_sub_station_crystal,
          nicolae_sub_station_metal, nicolae_sub_station_stone, uniq_roxanne
Shoals:4: shoals_end_hellmonk_lost_city, uniq_nikola
Snake:1:  layout_misc_corridors
Snake:2:  layout_layer_cave, hellmonk_ghost_happy_afterlife, uniq_vashnia
Snake:3:  layout_grid_shapes, gammafunk_ghost_necromancy,
          nicolae_twisty_statue_hallways
Snake:4:  hellmonk_snake_rune_quicksilver_temple, layout_cave_town,
          serial_shops, shop, nicolae_shop_tiny_waterfront,
          nicolae_snake_gridmaze_squiggle
Orc:1:    layout_caves, uniq_urug
Orc:2:    grunt_orc_cross, layout_caves, serial_shops, bzr_entry_dummy,
          basic_altar, bh_open_orc_temple
Elf:1:    eino_elf_arrival_customs, layout_geoelf_octagon,
          nicolae_elf_crossing_hall, hangedman_elf_power_crystal
Elf:2:    elven_hall_of_blades_hangedman_original [grunt_blade_entry_basic],
          layout_loops_corners, hangedman_elven_ridges
Elf:3:    minmay_elf_hall_furrowed, layout_gridlike, basic_altar,
          nicolae_letterblocks [nicolae_letter_subblock,
          nicolae_letter_subblock, nicolae_letter_subblock,
          nicolae_letter_subblock, nicolae_letter_subblock,
          nicolae_letter_subblock, nicolae_letter_subblock,
          nicolae_letter_subblock, nicolae_letter_subblock,
          nicolae_letter_subblock, nicolae_letter_subblock,
          nicolae_letter_subblock, nicolae_letter_subblock,
          nicolae_letter_subblock, nicolae_letter_subblock,
          nicolae_letter_subblock, nicolae_letter_subblock,
          nicolae_letter_subblock, nicolae_letter_subblock,
          nicolae_letter_subblock, nicolae_letter_subblock,
          nicolae_letter_subblock, nicolae_letter_subblock,
          nicolae_letter_subblock, nicolae_letter_subblock]

Skill      XL: |  1  2  3  4  5  6  7  8  9 10 11 12 13 14 15 16 17 18 19 |
---------------+----------------------------------------------------------+-----
Spellcasting   | 4 5 6 7 8 9 11 13 14 16 17 19 20 21 22 | 22.9
Conjurations   | 5 6 7 9 10 12 13 | 13.1
Translocations | 1 2 3 5 6 9 11 12 | 12.1
Alchemy        | 2 3 5 |  5.0
Ice Magic      | 1 2 4 6 8 9 11 12 14 15 16 | 16.4
Air Magic      | 1 4 6 8 9 10 11 12 | 12.7
Fighting       | 1 4 6 7 9 10 | 10.0
Dodging        | 5 9 10 | 10.0
Necromancy     | 5 8 11 | 11.0
Evocations     | 2 6 9 10 | 10.1
Shields        | 3 4 |  4.2
Stealth        | |  2.4

Action                     |  1- 3 |  4- 6 |  7- 9 | 10-12 | 13-15 | 16-18 | 19-21 || total
---------------------------+-------+-------+-------+-------+-------+-------+-------++-------
  Melee: Unarmed           |       |    14 |     1 |     1 |       |       |       ||    16
         Staff             |       |       |       |    10 |    17 |     8 |     5 ||    40
   Cast: Magic Dart        |    44 |    44 |    34 |     4 |       |       |       ||   126
         Searing Ray       |     4 |    76 |    84 |    25 |    45 |       |       ||   234
         Fulminant Prism   |       |     1 |     3 |     1 |     4 |       |       ||     9
         Iskenderun's Myst |       |       |     6 |    36 |    80 |       |       ||   122
         Mephitic Cloud    |       |       |     2 |     2 |     1 |       |       ||     5
         Airstrike         |       |       |       |    91 |   143 |   112 |    29 ||   375
         Freezing Cloud    |       |       |       |    49 |     4 |     1 |     2 ||    56
         Olgreb's Toxic Ra |       |       |       |    41 |    24 |     6 |       ||    71
         Ozocubu's Refrige |       |       |       |     4 |   191 |   372 |    72 ||   639
         Hailstorm         |       |       |       |     1 |       |       |       ||     1
         Irradiate         |       |       |       |       |     4 |    10 |     6 ||    20
         Orb of Destructio |       |       |       |       |       |     2 |     4 ||     6
  Evoke: Wand              |       |       |     1 |     4 |     7 |     4 |     3 ||    19
         Lightning rod     |       |       |       |       |     2 |       |       ||     2
         Phial of floods   |       |       |       |       |       |     1 |       ||     1
    Use: Potion            |       |     1 |       |     3 |     2 |     1 |     1 ||     8
         Scroll            |       |       |       |    17 |    18 |     7 |     2 ||    44
 Armour: Robe              |     5 |    26 |    62 |    59 |    89 |   167 |    49 ||   457
  Dodge: Dodged            |     1 |    23 |    44 |    56 |   109 |   184 |    19 ||   436
  Block: Buckler           |       |       |       |       |       |    60 |    16 ||    76

Table legend: (Time is in decaauts)
 A = Elapsed time spent in this place.
 B = Non-inter-level travel time spent in this place.
 C = Inter-level travel time spent in this place.
 D = Time resting spent in this place.
 E = Time spent auto-exploring this place.
 F = Levels seen in this place.
 G = Mean time per level.
                   A        B        C        D        E       F      G
               +--------+--------+--------+--------+--------+-----+--------+
         Total |  47873 |  46072 |   1801 |  19528 |  19409 |  38 | 1259.8 |
       Dungeon |  20181 |  19261 |    920 |   7243 |   9573 |  15 | 1345.4 |
        Temple |     80 |     80 |      0 |      0 |      0 |   1 |   80.0 |
          Lair |   6092 |   5768 |    324 |   2032 |   3035 |   5 | 1218.4 |
        Shoals |   4385 |   4274 |    111 |   2219 |   1354 |   4 | 1096.2 |
     Snake Pit |   6086 |   5956 |    130 |   2819 |   2458 |   4 | 1521.5 |
  Orcish Mines |   1968 |   1846 |    122 |    560 |    853 |   2 |  984.0 |
   Elven Halls |   5554 |   5362 |    192 |   2531 |   1677 |   3 | 1851.3 |
        Bazaar |     93 |     93 |      0 |      0 |      0 |   1 |   93.0 |
         Sewer |   1171 |   1171 |      0 |    538 |    314 |   1 | 1171.0 |
       Ossuary |    667 |    667 |      0 |    471 |      0 |   1 |  667.0 |
      Ice Cave |   1591 |   1591 |      0 |   1115 |    144 |   1 | 1591.0 |
               +--------+--------+--------+--------+--------+-----+--------+

Top non-repeatable levels by time:
   Elf:3: 2951 daAuts
  Lair:5: 2363 daAuts
    D:15: 2011 daAuts
 Snake:4: 1905 daAuts
    D:11: 1686 daAuts
Shoals:3: 1620 daAuts
   IceCv: 1591 daAuts
     D:2: 1533 daAuts
 Snake:2: 1507 daAuts
     D:3: 1486 daAuts
    D:10: 1412 daAuts
    D:12: 1400 daAuts
  Lair:1: 1376 daAuts
     D:5: 1368 daAuts
 Snake:3: 1361 daAuts
